 Dungeon Crawl Stone Soup version 0.31.0-11-ge490571c62 (webtiles) character file.

Game seed: 10238717028275647516

57 Rassilon the Trooper (level 3, -10/30 HPs)
             Began as a Demonspawn Monk on Jan 30, 2024.
             Engulfed by a cloud of flame (20 damage)
             ... on level 3 of the Dungeon.
             The game lasted 00:04:49 (1737 turns).

Rassilon the Trooper (Demonspawn Monk)              Turns: 1737, Time: 00:04:50

Health: -10/30     AC:  2    Str: 11    XL:     3   Next: 73%
Magic:  3/3        EV: 13    Int: 10    God:
Gold:   108        SH:  0    Dex: 17    Spells: 2/2 levels left

rFire   . .          .
                       - Unarmed
rCold   . . .        c - orb {light}
rNeg    . . .        a - +0 robe
rPois   .            (no helmet)
rElec   .            (no cloak)
rCorr   +            (no gloves)
SInv    .            (no boots)
Will    .....        (no amulet)
Stlth   +            n - ring of resist corrosion
HPRegen 0.25/turn    (no ring)
MPRegen 0.08/turn

%: no passive effects
@: about to teleport, glowing
A: claws 1, condensation shield
a: no special abilities


You were on level 3 of the Dungeon.
You visited 1 branch of the dungeon, and saw 3 of its levels.

You collected 108 gold pieces.

Inventory:

Missiles
 f - 6 poisoned darts (quivered)
Armour
 a - a +0 robe (worn)
 c - an orb of light (worn)
Jewellery
 n - a ring of resist corrosion (left claw)
Wands
 m - a wand of polymorph (6)
Scrolls
 e - a scroll of identify
 g - 2 scrolls of teleportation
 h - a scroll of revelation
 j - a scroll of enchant weapon {unknown}
 k - a scroll of amnesia {unknown}
Potions
 b - a potion of ambrosia
 i - a potion of enlightenment
 l - 2 potions of curing


   Skills:
 + Level 3.6 Fighting
 + Level 3.3 Dodging
 * Level 3.3 Unarmed Combat


You had 2 spell levels left.
You didn't know any spells.
Your spell library contained the following spells:

 Spells                   Type           Power      Damage    Failure   Level
 Kiss of Death            Conj/Necr      0%         2d5       36%         1
 Confusing Touch          Hex            0%         N/A       75%         3
 Dispel Undead            Necr           0%         3d6       98%         4


Dungeon Overview and Level Annotations

Branches:
Dungeon (3/15)

Altars:


Innate Abilities, Weirdness & Mutations

You have sharp fingernails.
A meltable shield of frost defends you. (SH +0)


Message History

You scratch the kobold.
You kill the kobold!
Things that are here:
a +0 club; a kobold corpse
Things that are here:
a +0 club; a kobold corpse
There is a stone staircase leading down here.
Done exploring.
Done exploring.
There is a stone staircase leading down here.
You climb downwards.
You hear the sound of rushing water.
There is an entrance to a sewer on this level.
Hurry and find it before the portal rusts away!
Found 31 gold pieces.
There is a stone staircase leading up here.
As you read the scroll labelled SAMAUZIRUB, it crumbles to dust.
The creatures around you are filled with an inner flame!
It was a scroll of immolation.
As you read the scroll labelled ZUEDOEKHEZ, it crumbles to dust.
It is a scroll of identify.
i - a potion of enlightenment The bat hits you.
As you read the scroll of identify, it crumbles to dust.
l - 2 potions of curing The bat enters a dispersal trap!
You blink.
Found a dagger.
Found a stone staircase leading down.
As you read the scroll labelled LEBARE EFIERU, it crumbles to dust.
You feel strangely unstable.
It was a scroll of teleportation.
As you read the scroll labelled GOSAVE SOANT, it crumbles to dust.
You feel aware of your surroundings.
You sensed 1 shop/portal.
It was a scroll of revelation.
The bat barely misses you.
Found a cloak and a leather armour.
The bat barely misses you.
You scratch the bat.
The bat explodes!
The fiery explosion engulfs you!!
Your condensation shield dissipates!
Ouch! That really hurt!
You are engulfed in blazing flames.
Ouch! That really hurt!
You die...

,,,,,***,............###
*,,,,* *,............###
**,,,****.#...#^.#######
,***,,***........<######
*,***,,**.#....##.######
,*,***,,,.#........#####
*,*,**,,,.#.#..#§#§.####
**,*,**,,.#.##.#§.§.####*
,**,*,**,......#@§§.....*
**,*,**,,.###...........*
*,*,**,,,.#.............*
,*,**,,,,.#..~~~......).*
*,**,,,,,.#...⌠~........*
,**,,>*,,.#...~.........*
**,,***,,##>.....#..####*
*,,** *,,##....[..[..###
,******,,,,,,,,,**,,,*


There were no monsters in sight!

Vanquished Creatures
  2 adders (D:2)
  2 dart slugs (D:1)
  A ribbon worm (D:2)
  4 bats
  4 endoplasms
  A giant cockroach (D:2)
  2 goblins (D:2)
  5 hobgoblins
  A quokka (D:1)
  3 ball pythons
  2 frilled lizards
  5 kobolds
  2 rats
34 creatures vanquished.

Notes
Turn   | Place    | Note
-------+----------+-------------------------------------------
     0 | D:1      | Rassilon the Demonspawn Monk began the quest for the Orb.
     0 | D:1      | Reached XP level 1. HP: 18/18 MP: 1/1
   234 | D:1      | Gained mutation: A meltable shield of frost defends you.
                  | (SH +0) [demonic ancestry]
   234 | D:1      | Reached XP level 2. HP: 16/24 MP: 2/2
   758 | D:2      | Gained mutation: You have sharp fingernails. [demonic
                  | ancestry]
   758 | D:2      | Reached XP level 3. HP: 29/29 MP: 3/3
  1737 | D:3      | Engulfed by a cloud of flame

Illustrated notes

Levels and vault maps discovered:
D:1:      dpeg_arrival_rooms_c, layout_basic
D:2:      layout_basic, minmay_hedge_maze, lightli_corner_chamber
D:3:      minmay_inner_zag, layout_rooms, gup_sewer_entry_bowl,
          minmay_misc_feat_tiny, corexii_leaking_fountain

Skill      XL: |  1  2 |
---------------+-------+-----
Dodging        | 3 |  3.3
Unarmed Combat | 3 |  3.3
Fighting       | |  3.6

Action                     || total
---------------------------++-------
  Melee: Unarmed           ||    78
    Use: Scroll            ||     5
 Armour: Robe              ||    38
  Dodge: Dodged            ||    35
